 Dungeon Crawl Stone Soup version 0.31.0-12-g77e489cdc1 (webtiles) character file.

Game seed: 12580970980451669784

26329 cdecastro the Skirmisher (level 12, -6/106 HPs)
             Began as a Pale Draconian Shapeshifter on Mar 4, 2024.
             Was a High Priest of Dithmenos.
             Mangled by a +6 long sword (19 damage)
             ... on level 13 of the Dungeon.
             The game lasted 00:32:50 (14387 turns).

cdecastro the Skirmisher (DrSh)                    Turns: 14387, Time: 00:32:50

Health: -6/106     AC:  9    Str: 17    XL:     12   Next: 97%
Magic:  12/12      EV: 22    Int: 13    God:    Dithmenos [*****.]
Gold:   474        SH:  0    Dex: 15    Spells: 11/11 levels left

rFire   . . .        b - +8 sling of the Toadstool {flame, rPois rN+ rCorr Int+2}
rCold   . . .        (no shield)
rNeg    + . .        (body armour unavailable)
rPois   +            (helmet restricted)
rElec   .            M - +0 cloak {rCorr}
rCorr   +            (no gloves)
SInv    .            (no boots)
Will    .....        (no amulet)
Stlth   ++           C - +5 ring of evasion
HPRegen 0.37/turn    O - +5 ring of evasion
MPRegen 0.13/turn

%: no passive effects
@: maw-form, wreathed by umbra
A: devouring maw, breathe steam, AC +8, unfitting armour, cold-blooded, steam
resistance
a: Breathe Steam, Begin Untransformation, Renounce Religion, Shadow Step, Shadow
Form


You were on level 13 of the Dungeon.
You worshipped Dithmenos.
Dithmenos was extremely pleased with you.
You were a creature with a mouth for a stomach.
You visited 2 branches of the dungeon, and saw 15 of its levels.
You also visited: Ossuary.

You collected 1019 gold pieces.
You spent 545 gold pieces at shops.

Inventory:

Hand Weapons
 a - a +1 dagger of venom
 b - the +8 sling of the Toadstool (weapon) {flame, rPois rN+ rCorr Int+2}
   (You found it on level 3 of the Dungeon)

   Int+2:     It affects your intelligence (+2).
   rPois:     It protects you from poison rN+: It protects you from negative
   energy.
   rCorr:     It protects you from acid and corrosion.
 z - a +2 whip of electrocution
Missiles
 K - 5 javelins
Armour
 M - a +0 cloak of preservation (worn)
 S - a scarf of shadows
Jewellery
 o - a ring of protection from cold
 C - a +5 ring of evasion (left hand)
 O - a +5 ring of evasion (right hand)
 P - a ring of willpower
 U - a ring of willpower
Talismans
 c - a flux talisman
 n - a beast talisman
 J - a maw talisman (active)
Wands
 p - a wand of mindburst (22)
 y - a wand of roots (26)
 H - a wand of light (12)
 W - a wand of paralysis (4)
 X - a wand of digging (8)
Scrolls
 e - 2 scrolls of enchant armour {unknown}
 i - 2 scrolls of enchant weapon {unknown}
 k - 2 scrolls of poison {unknown}
 l - 3 scrolls of fog
 q - a scroll of fear
 t - 4 scrolls of vulnerability {unknown}
 u - a scroll of noise {unknown}
 D - a scroll of immolation {unknown}
 E - 5 scrolls of butterflies
 G - 3 scrolls of amnesia {unknown}
 I - 3 scrolls of teleportation
 N - 2 scrolls of brand weapon {unknown}
 Q - a scroll of revelation
Potions
 d - 3 potions of mutation
 f - a potion of invisibility
 g - a potion of lignification
 h - 3 potions of enlightenment
 j - a potion of magic {unknown}
 m - 5 potions of curing
 r - a potion of ambrosia {unknown}
 s - 3 potions of might
 v - 3 potions of cancellation
 w - 3 potions of attraction
 x - 2 potions of brilliance
 A - 5 potions of degeneration
 F - 2 potions of haste
Miscellaneous
 V - a sack of spiders (inert)


   Skills:
 * Level 10.2 Fighting
 - Level 14.0 Ranged Weapons
 - Level 1.7 Dodging
 - Level 3.2 Unarmed Combat
 + Level 12.4 Shapeshifting


You had 11 spell levels left.
You didn't know any spells.
Your spell library contained the following spells:

 Spells                   Type           Power      Damage    Failure   Level
 Apportation              Tloc           0%         N/A       30%         1
 Necrotise                Necr           0%         1d4       30%         1
 Slow                     Hex            0%         N/A       30%         1
 Sting                    Conj/Alch      0%         1d3       30%         1
 Summon Small Mammal      Summ           0%         N/A       30%         1
 Cigotuvi's Dreadful Rot  Necr/Alch/Air  0%         N/A       43%         2
 Lesser Beckoning         Tloc           0%         N/A       43%         2
 Confusing Touch          Hex            0%         N/A       67%         3
 Sigil of Binding         Hex            0%         N/A       67%         3
 Vampiric Draining        Necr           0%         2d6       67%         3
 Volatile Blastmotes      Fire/Tloc      0%         2d10      67%         3
 Fulminant Prism          Conj/Alch      0%         3d5       97%         4
 Iskenderun's Mystic Bla  Conj/Tloc      0%         2d3       97%         4
 Leda's Liquefaction      Alch/Erth      0%         N/A       97%         4
 Passage of Golubria      Tloc           0%         N/A       97%         4
 Silence                  Hex/Air        0%         N/A       100%        5
 Sculpt Simulacrum        Ice/Alch       0%         N/A       100%        6
 Ozocubu's Refrigeration  Ice            0%         4d7       100%        7
 Lehudib's Crystal Spear  Conj/Erth      0%         10d2      100%        8
 Polar Vortex             Ice            0%         N/A       100%        9


Dungeon Overview and Level Annotations

Branches:
Dungeon (14/15)            Temple (1/1) D:4            Lair (0/5) D:9
    Orc (0/2) D:10         Vaults (0/5) D:13        Ossuary (visited)

Altars:
Ashenzari
Cheibriados
Dithmenos
Elyvilon
Fedhas
Gozag
Hepliaklqana
Kikubaaqudgha
Makhleb
Nemelex Xobeh
Okawaru
Qazlal
Ru
Sif Muna
Trog
Uskayaw
Vehumet
Wu Jian
Xom
Yredelemnul
Zin
The Shining One

Shops:
D:4 (   D:9 ?   D:12 (

Annotations:
D:4 1 runed translucent door, rozman's ghost, amateur MfSh
D:5 vault need dig
D:8 3 runed translucent doors


Innate Abilities, Weirdness & Mutations

You are a creature with a mouth for a stomach.
Your midsection houses a second, enormous mouth.
You can breathe blasts of scalding, opaque steam.
Your pale cyan-grey scales are hard. (AC +8)
You cannot fit into any form of body armour.
You are cold-blooded and may be slowed by cold attacks.
You are immune to the effects of steam.


Message History

The sling bullet misses the +6 long sword.
The +6 long sword hits you!
* * * LOW HITPOINT WARNING * * *
The +6 long sword hits you!
* * * LOW HITPOINT WARNING * * *
You shoot a sling bullet.
The sling bullet barely misses the +6 long sword.
The +6 long sword hits you.
* * * LOW HITPOINT WARNING * * *
You shoot a sling bullet.
The sling bullet closely misses the +6 long sword.
Your shadow shoots a sling bullet.
The sling bullet hits the +6 long sword but does no damage.
The +6 long sword misses you.
You shoot a sling bullet.
The sling bullet closely misses the +6 long sword.
The +6 long sword hits you!!
* * * LOW HITPOINT WARNING * * *
Okay, then.
Unknown command.
Press: ? - help, v - describe, . - travel
Here: a +6 long sword (moderately damaged, umbra)
The floor.
Unknown command.
Okay, then.
Unknown command.
Okay, then.
Unknown command.
Okay, then.
Okay, then.
Unknown command.
Okay, then.
Aiming: Fastroot
Press: ? - help, Shift-Dir - straight line, p - +6 long sword The roots erupt in riotous growth!
Roots grab the +6 long sword.
The grasping roots constrict the +6 long sword, but do no damage.
The +6 long sword completely misses you.
The +6 long sword hits you!!
You die...

..#..# #.# #...# #..# ..#...
#.# #...# #..# .###.. ..#
#...# #..# .###.# #.# #...#
#..# .###.# #.#
#...######..# .....# #.#
#...........# ....# #.#
#$..........# #####
#.######...........# #
#.......W..........#
#########.######(..........#
..........# #...........#
..........# #...........#
#########.# #........ # #.#
#.[...... # #.# #.!.$.... #
#.# #)....... # #.#


You could see a +6 long sword (rooted).

Vanquished Creatures
  2 hydras (D:13)
  A catoblepas (D:13)
  A centaur warrior (D:13)
  4 two-headed ogres
  3 skeletal warriors (D:13)
  Pikel (D:4)
  An ugly thing (D:12)
  A deep elf pyromancer (D:12)
  A cyclops (D:14)
  3 manticores
  Joseph (D:7)
  3 unseen horrors
  2 rime drakes (D:14)
  4 trolls
  6 slime creatures
  2 shadows (D:12)
  A wraith (D:11)
  3 vampires
  A spriggan (shapeshifter) (D:12)
  6 wyverns
  5 water elementals (D:14)
  10 yaks
  5 basilisks
  2 steam dragons
  13 vampire mosquitoes
  Menkaure (D:7)
  Edmund (D:4)
  An acid dragon (D:8)
  4 water moccasins
  4 hell hounds (D:14)
  A sky beast (D:6)
  4 black bears
  7 orc warriors
  An ice beast (D:6)
  3 centaurs
  A phantom (D:5)
  A lemure (D:4)
  6 kobold brigands
  A gnoll sergeant (D:10)
  7 bullfrogs
  3 scorpions
  4 wights
  19 killer bees
  4 electric eels
  A howler monkey (D:9)
  2 bombardier beetles
  A jelly (D:7)
  9 orc priests
  Crazy Yiuf (D:7)
  3 hounds
  4 iguanas
  A sleepcap (D:7)
  Ijyb (D:5)
  15 orc wizards
  5 scorpion zombies (Ossuary)
  9 hell rats (D:14)
  2 human simulacra (D:9)
  3 mummies (Ossuary)
  4 gnolls (D:10)
  5 adders
  2 shadow imps
  5 adder zombies (Ossuary)
  A ribbon worm (D:2)
  2 dart slugs
  39 orcs
  5 ball pythons
  5 bats
  4 endoplasms
  A giant cockroach (D:1)
  4 goblins
  5 hobgoblins
  2 jackals (D:5)
  33 kobolds
  A quokka (D:1)
  A frilled lizard (D:3)
  A jackal zombie (Ossuary)
  6 kobold zombies (Ossuary)
  11 rats
349 creatures vanquished.

Vanquished Creatures (collateral kills)
  A boulder beetle (D:12)
1 creature vanquished.

Vanquished Creatures (others)
  2 centaurs (D:8)
  A kobold brigand (D:8)
  A howler monkey (D:8)
  An orc (D:8)
  A butterfly (D:8)
6 creatures vanquished.

Grand Total: 356 creatures vanquished

Notes
Turn   | Place    | Note
-------+----------+-------------------------------------------
     0 | D:1      | cdecastro the Draconian Shapeshifter began the quest for
                  | the Orb.
     0 | D:1      | Reached XP level 1. HP: 16/16 MP: 1/1
   146 | D:1      | Reached XP level 2. HP: 20/23 MP: 2/2
   733 | D:1      | Reached XP level 3. HP: 24/28 MP: 3/3
   896 | D:2      | You fall into a shaft and drop 1 floor!
   911 | D:3      | Identified the +8 sling of the Toadstool {flame, rPois rN+
                  | rCorr Int+2}
   998 | D:3      | Reached XP level 4. HP: 36/36 MP: 4/4
  1634 | D:2      | Reached skill level 1 in Ranged Weapons
  2138 | D:4      | Reached skill level 2 in Ranged Weapons
  2138 | D:4      | Reached XP level 5. HP: 42/42 MP: 5/5
  2190 | D:4      | Found Beuputs's Antique Weapon Boutique.
  2247 | D:4      | Found a staircase to the Ecumenical Temple.
  2300 | Temple   | Entered the Ecumenical Temple
  2317 | Temple   | Became a worshipper of Dithmenos the Shadowed
  2428 | D:4      | Noticed Edmund
  2434 | D:4      | Killed Edmund
  2435 | D:4      | Reached skill level 3 in Ranged Weapons
  2435 | D:4      | Reached XP level 6. HP: 13/50 MP: 6/6
  2648 | D:4      | Found a runed translucent door.
  2686 | D:4      | Found a hide-covered altar of Uskayaw.
  2696 | D:4      | Noticed Pikel
  2705 | D:4      | Killed Pikel
  2706 | D:4      | Reached skill level 6 in Ranged Weapons
  2706 | D:4      | Your scales start taking on a pale cyan-grey colour.
  2706 | D:4      | Reached XP level 7. HP: 6/56 MP: 7/7
  2706 | D:4      | Gained mutation: You are immune to the effects of steam.
                  | [Pale Draconian growth]
  3198 | D:4      | Noticed rozman's ghost (amateur MfSh)
  3230 | D:5      | Entered Level 5 of the Dungeon
  3332 | D:5      | Reached skill level 7 in Ranged Weapons
  3394 | D:5      | Found a sand-covered staircase.
  3400 | Ossuary  | Entered an ossuary
  3425 | Ossuary  | Reached XP level 8. HP: 62/62 MP: 8/8
  3466 | Ossuary  | Reached * piety under Dithmenos
  3569 | Ossuary  | Reached skill level 8 in Ranged Weapons
  3625 | D:5      | Noticed Ijyb
  3631 | D:5      | Killed Ijyb
  3821 | D:5      | Noticed a kobold demonologist
  4027 | D:6      | Reached skill level 9 in Ranged Weapons
  4045 | D:6      | Reached ** piety under Dithmenos
  4121 | D:6      | Reached XP level 9. HP: 68/68 MP: 9/9
  4145 | D:6      | Reached skill level 5 in Shapeshifting
  4173 | D:6      | Found a burning altar of Makhleb.
  4228 | D:6      | Found a blossoming altar of Fedhas.
  4262 | D:6      | Found a stormy altar of Qazlal.
  4516 | D:6      | Reached skill level 10 in Ranged Weapons
  4561 | D:6      | Found a glowing golden altar of the Shining One.
  4940 | D:7      | Noticed Menkaure
  4946 | D:7      | Killed Menkaure
  5153 | D:7      | Found a runed translucent door.
  5154 | D:7      | Noticed Crazy Yiuf
  5218 | D:7      | Reached skill level 11 in Ranged Weapons
  5236 | D:7      | Noticed Joseph
  5245 | D:7      | Killed Joseph
  5718 | D:7      | Killed Crazy Yiuf
  6029 | D:8      | Reached XP level 10. HP: 49/74 MP: 10/10
  6092 | D:8      | HP: 3/74 [something (2)]
  6342 | D:8      | Found a white marble altar of Elyvilon.
  6374 | D:8      | Got the Incunabulum of Synthesis and Orientation
  6393 | D:8      | Noticed a two-headed ogre
  6398 | D:8      | Killed a two-headed ogre
  6399 | D:8      | Reached skill level 12 in Ranged Weapons
  6515 | D:8      | Reached *** piety under Dithmenos
  6564 | D:8      | Found a shimmering altar of Xom.
  6601 | D:8      | Found an opulent altar of Gozag.
  6601 | D:8      | Noticed a two-headed ogre
  6607 | D:8      | Killed a two-headed ogre
  7004 | D:8      | Found a runed translucent gate.
  7004 | D:8      | Found a runed translucent gate.
  7006 | D:8      | Found a runed translucent gate.
  7008 | D:8      | Noticed a cyan ugly thing
  7008 | D:8      | Noticed a green ugly thing
  7008 | D:8      | Noticed a purple ugly thing
  7013 | D:8      | Noticed a green ugly thing
  7203 | D:9      | Found a sparkling altar of Nemelex Xobeh.
  7395 | D:9      | Reached skill level 13 in Ranged Weapons
  7499 | D:9      | Found a staircase to the Lair.
  7661 | D:9      | Found an iron altar of Okawaru.
  7670 | D:9      | Found a radiant altar of Vehumet.
  7675 | D:9      | Found a hazy altar of Hepliaklqana.
  7714 | D:9      | Found Yfryff's Magic Scroll Boutique.
  7740 | D:9      | Bought a scroll of fear for 52 gold pieces
  7740 | D:9      | Bought a scroll of teleportation for 39 gold pieces
  7740 | D:9      | Bought a scroll of revelation for 97 gold pieces
  7740 | D:9      | Bought a scroll of fog for 52 gold pieces
  7740 | D:9      | Bought a scroll of blinking for 97 gold pieces
  7740 | D:9      | Bought 3 scrolls of butterflies for 156 gold pieces
  7740 | D:9      | Bought a scroll of identify for 26 gold pieces
  7740 | D:9      | Bought a scroll of identify for 26 gold pieces
  7830 | D:9      | Reached XP level 11. HP: 76/80 MP: 11/11
  7856 | D:9      | Found an ornate altar of the Wu Jian Council.
  8022 | D:10     | Entered Level 10 of the Dungeon
  8049 | D:9      | Reached **** piety under Dithmenos
  8358 | D:10     | Found a staircase to the Orcish Mines.
  9462 | D:11     | Noticed a two-headed ogre
  9473 | D:11     | Killed a two-headed ogre
  9474 | D:11     | Reached skill level 10 in Shapeshifting
  9958 | D:12     | Found Daesaonu's Weapon Shoppe.
 10026 | D:12     | Noticed a boulder beetle
 10037 | D:12     | Noticed a deep elf pyromancer
 10691 | D:12     | Noticed a red ugly thing
 10826 | D:12     | Killed a deep elf pyromancer
 10827 | D:12     | Reached skill level 14 in Ranged Weapons
 10874 | D:12     | Killed a boulder beetle
 11376 | D:13     | Reached XP level 12. HP: 81/91 MP: 12/12
 11408 | D:13     | Noticed an eight-headed hydra
 11432 | D:13     | Found a broken altar of Ashenzari.
 11432 | D:13     | Noticed a centaur warrior
 11461 | D:13     | Noticed a two-headed ogre
 11475 | D:13     | Killed a two-headed ogre
 11496 | D:13     | Killed a centaur warrior
 11497 | D:13     | Reached skill level 5 in Fighting
 11528 | D:14     | HP: 1/94 [vampire mosquito (4)]
 11760 | D:14     | Reached ***** piety under Dithmenos
 12493 | D:14     | Noticed a centaur warrior
 12699 | D:13     | Found a gate to the Vaults.
 12699 | D:13     | Noticed a vault guard
 12751 | D:13     | Noticed a catoblepas
 12773 | D:13     | Killed a catoblepas
 14277 | D:13     | Killed an eight-headed hydra
 14278 | D:13     | Reached skill level 10 in Fighting
 14326 | D:13     | Noticed a six-headed hydra
 14330 | D:13     | Killed a six-headed hydra
 14387 | D:13     | Mangled by a +6 long sword

Illustrated notes

Levels and vault maps discovered:
D:1:      ncdulo_wetmaze, layout_loops_cross
D:2:      layout_loops_corners, minmay_tetromino_s2
D:3:      layout_rooms, serial_bayou_pond_d
D:4:      layout_loops_ring, eat_drink_and_be_merry_uskayaw, temple_fountains,
          serial_shops, shop, ebering_ghost_reflecting_pool, uniq_edmund,
          uniq_pikel
D:5:      layout_rooms, nicolae_ossuary_entry_plus, minmay_misc_feat_alley,
          minmay_liquid_box, minmay_misc_feat_chi, lightli_corner_chamber,
          uniq_ijyb
D:6:      layout_loops_ring, nicolae_qazlal_general_emergency,
          kennysheep_mini_moat, makhleb_blood_cavern_becter,
          nicolae_tso_swordbearing_angel, wad_floor_pattern_2,
          minmay_unpleasant_kobolds
D:7:      layout_layer_cave, uniq_crazy_yiuf_cottage, uniq_menkaure, uniq_joseph
D:8:      layout_loops_ring, nicolae_elyvilon_peaceful_grove,
          grunt_gozag_statues, xom_confusion_cloud,
          ploomutoo_gammafunk_ghost_potion_laboratory
D:9:      layout_basic, okawaru_ov_weapons_minmay,
          nicolae_hepliaklqana_hazy_memory, mainiacjoe_overflow_brackets,
          nicolae_overflow_hidden_temple, mainiacjoe_overflow_tiny_flanked,
          due_lair_maze_entry_diamond, serial_shops, shop_coins,
          bh_circular_ruins
D:10:     layout_irregular_city, david_orc_4
D:11:     layout_irregular_city, nicolae_hexahallways
D:12:     layout_irregular_city, serial_shops, shop
D:13:     layout_long_grid, erik_vaults_1, cheibrodos_ashenzari_chains
D:14:     layout_basic, special_room [special_room_mythical_zoo]
Temple:   nicolae_temple_bog_church

Skill      XL: |  1  2  3  4  5  6  7  8  9 10 11 12 |
---------------+-------------------------------------+-----
Fighting       | 2 4 10 | 10.2
Shapeshifting  | 4 6 8 11 12 | 12.4
Ranged Weapons | 2 3 6 7 9 11 13 14 | 14.0
Dodging        | |  1.7
Unarmed Combat | |  3.2

Action                     |  1- 3 |  4- 6 |  7- 9 | 10-12 || total
---------------------------+-------+-------+-------+-------++-------
  Melee: Unarmed           |    26 |       |       |       ||    26
         Punch             |     5 |       |       |     1 ||     6
         Dagger            |    65 |       |       |    13 ||    78
         Tailslap          |     3 |       |       |     5 ||     8
         Whip              |       |       |       |    16 ||    16
         Sling             |       |       |       |     1 ||     1
         Maw               |       |       |       |     5 ||     5
   Fire: Sling             |     6 |    60 |   249 |   860 ||  1175
Ability: Breathe Steam     |       |       |     1 |    14 ||    15
  Evoke: Sack of spiders   |       |       |       |     2 ||     2
         Wand              |       |       |       |     7 ||     7
    Use: Scroll            |       |       |       |    17 ||    17
         Potion            |       |       |       |     9 ||     9
 Armour: Skin              |    56 |     4 |    35 |   301 ||   396
  Dodge: Dodged            |    64 |     4 |    67 |   383 ||   518
   Form: Maw               |       |       |       |     2 ||     2
         Beast             |       |       |       |     1 ||     1
